 Dungeon Crawl Stone Soup version 0.20.1-1-g8b1a95d (webtiles) character file.

23 Fingolfin the Caller (level 2, -2/15 HPs)
             Began as a Deep Elf Summoner on Aug 10, 2017.
             Slain by a worm (7 damage)
             ... on level 2 of the Dungeon.
             The game lasted 00:04:05 (1673 turns).

Fingolfin the Caller (Deep Elf Summoner)            Turns: 1673, Time: 00:04:05

Health: -2/15      AC:  2    Str:  5    XL:     2   Next: 75%
Magic:  6/8        EV: 13    Int: 19    God:
Gold:   89         SH:  0    Dex: 15    Spells: 4/7 levels left

rFire    . . .     SeeInvis .   i - +0 short sword
rCold    . . .     Gourm    .   (no shield)
rNeg     . . .     Faith    .   a - +0 robe
rPois    .         Spirit   .   (no helmet)
rElec    .         Reflect  .   (no cloak)
rCorr    .         Harm     .   (no gloves)
MR       .....                  (no boots)
Stlth    ++........             (no amulet)
Regen    0.1/turn               (no ring)
MPRegen  0.2/turn               (no ring)

@: no status effects
A: no striking features
a: no special abilities


You were on level 2 of the Dungeon.
You were not hungry.

You visited 1 branch of the dungeon, and saw 2 of its levels.

You collected 89 gold pieces.

Inventory:

Hand Weapons
 i - a +0 short sword (weapon)
Armour
 a - a +0 robe (worn)
Scrolls
 d - 2 scrolls of fear {unknown}
 e - a scroll of magic mapping {unknown}
 g - 3 scrolls of identify {unknown}
 h - 2 scrolls of fog {unknown}
 j - a scroll of teleportation {unknown}
 m - a scroll of recharging {unknown}
Potions
 f - a potion of brilliance {unknown}
 k - a potion of haste {unknown}
 l - a potion of invisibility {unknown}
 n - a potion of flight {unknown}
Books
 b - a book of Callings

   Spells                             Type                      Level
   a - Summon Small Mammal            Summoning                    1
   b - Call Imp                       Summoning                    2
   c - Call Canine Familiar           Summoning                    3
   d - Summon Guardian Golem          Hexes/Summoning              3
   e - Summon Lightning Spire         Summoning/Air                4
   f - Summon Ice Beast               Ice/Summoning                4
Comestibles
 c - 2 bread rations


   Skills:
 - Level 2.8 Dodging
 - Level 2.7 Stealth
 - Level 3.1 Spellcasting
 + Level 5.0 Summonings


You had 4 spell levels left.
You knew the following spells:

 Your Spells              Type           Power        Failure   Level  Hunger
a - Summon Small Mammal   Summ           ###.         1%          1    None
b - Call Imp              Summ           ###.....     3%          2    ##.....


Dungeon Overview and Level Annotations

Branches:
Dungeon (2/15)

Altars:


Message History

You swap places.
You swap places.
Your white imp disappears in a puff of smoke!
A worm comes into view.
Found a stone staircase leading down.
Found a scroll labeled NUEDGH DU ZAGI.
Casting: Call Imp
Confirm with . or Enter, or press ? or * to list all spells.
A shadowy apparition takes form in the air.
You swap places.
The worm completely misses you.
You hit the worm.
The worm is moderately wounded.
You hit the worm but do no damage.
The worm is moderately wounded.
The worm bites you!
Ouch! That really hurt!
You hit the worm but do no damage.
The worm is moderately wounded.
The worm bites you!
You die...

#######.###..##.#...#.#
#...# #......##.#...#.#
#.#.# ####.####.##.##.#
#.#.# #.####.##....#
#.#.. #......#######
#.### #.###### #.#..
### #.#.#
##################.#.#
+?>.w@5..............#
##################.#..
#.... #.### #.# #.# #.#
#.### #....


You could see a worm and a friendly shadow imp.

Vanquished Creatures
  A dart slug (D:1)
  A giant cockroach (D:2)
  A goblin (D:1)
  A hobgoblin (D:1)
  A ball python (D:2)
  A bat (D:1)
  2 frilled lizards (D:2)
  A kobold (D:2)
  2 rats
11 creatures vanquished.

Vanquished Creatures (collateral kills)
  A dart slug (D:2)
  A leopard gecko (D:1)
  2 giant cockroaches (D:1)
  3 goblins
  2 hobgoblins
  2 jackals (D:1)
  A kobold (D:1)
  2 bats (D:2)
14 creatures vanquished.

Grand Total: 25 creatures vanquished

Notes
Turn   | Place    | Note
-------+----------+-------------------------------------------
     0 | D:1      | Fingolfin the Deep Elf Summoner began the quest for the Orb.
     0 | D:1      | Reached XP level 1. HP: 10/10 MP: 6/6
   958 | D:1      | Reached XP level 2. HP: 14/15 MP: 4/8
   976 | D:1      | Learned a level 2 spell: Call Imp
  1504 | D:2      | Reached skill level 5 in Summonings
  1673 | D:2      | Slain by a worm

Skill      XL: |  1  2 |
---------------+-------+-----
Summonings     | 5 |  5.0
Dodging        | |  2.8
Stealth        | |  2.7
Spellcasting   | |  3.1

Action                   || total
-------------------------++-------
Melee: Unarmed           ||    55
       Mace              ||     7
       Short sword       ||    37
 Cast: Summon Small Mamm ||    10
       Call Imp          ||    13
 Stab: Sleeping          ||     2
  Eat: Chunk             ||     3
Armor: Robe              ||    32
Dodge: Dodged            ||    86
